 Dungeon Crawl Stone Soup version 0.30-a0-511-g0d9051e15b (webtiles) character file.

Game seed: 10788496377492928926

694 Prqq the Chopper (level 8, -5/67 HPs)
             Began as a Meteoran Fighter on Dec 23, 2022.
             Was a Believer of Okawaru.
             Slain by a troll (6 damage)
             ... on level 6 of the Dungeon.
             The game lasted 00:10:57 (1555 turns).

Prqq the Chopper (Meteoran Fighter)                 Turns: 1555, Time: 00:10:57

Health: -5/67      AC:  7    Str: 21    XL:     8   Next: 17%
Magic:  0/9        EV: 10    Int:  9    God:    Okawaru [**....]
Gold:   165        SH:  5    Dex: 13    Spells: 7/7 levels left

rFire   . . .      SeeInvis .    a - +0 war axe
rCold   . . .      Faith    .    c - +0 buckler
rNeg    . . .      Spirit   +    b - +0 scale mail
rPois   .          Reflect  .    (no helmet)
rElec   .          Harm     .    (no cloak)
rCorr   .          Rampage  .    (no gloves)
Will    +....                    (no boots)
Stlth   ..........               i - amulet of guardian spirit
HPRegen 0.31/turn                (no ring)
MPRegen 0.11/turn                (no ring)

@: mighty, glowing
A: sense surroundings 1, otherworldly, glowing, explore regen
a: Renounce Religion, Heroism


You were on level 6 of the Dungeon.
You worshipped Okawaru.
Okawaru was pleased with you.
You visited 1 branch of the dungeon, and saw 6 of its levels.

You collected 165 gold pieces.

Inventory:

Hand Weapons
 a - a +0 war axe (weapon)
 l - a +0 flail
 t - a +0 shortbow of draining
Armour
 b - a +0 scale mail (worn)
 c - a +0 buckler (worn)
Jewellery
 i - an amulet of guardian spirit (around neck)
 j - a ring of resist corrosion
Scrolls
 e - 4 scrolls of teleportation
 h - a scroll of amnesia
 p - a scroll of vulnerability
 s - a scroll of immolation
 u - a scroll of blinking
 w - a scroll of poison {unknown}
 y - a scroll of identify
Potions
 f - 2 potions of resistance {unknown}
 g - a potion of mutation {unknown}
 k - a potion of invisibility {unknown}
 m - a potion of heal wounds {unknown}
 n - a potion of cancellation {unknown}
 o - 2 potions of curing {unknown}
 q - 2 potions of lignification {unknown}
 r - a potion of ambrosia {unknown}
 v - a potion of haste {unknown}
 x - a potion of attraction {unknown}


   Skills:
 + Level 4.6 Fighting
 * Level 7.7 Axes
 + Level 5.3 Armour
 + Level 1.5 Dodging
 + Level 4.6 Shields


You had 7 spell levels left.
You didn't know any spells.
Your spell library was empty.

Dungeon Overview and Level Annotations

Branches:
Dungeon (6/15) Zot: 1963   Temple (0/1) D:4

Altars:
Okawaru
Uskayaw

Shops:
D:3 [


Innate Abilities, Weirdness & Mutations

You passively map a small area around you.
You are easily found by Zot.
You glow in the dark.
You regain HP and MP as you explore.


Message History

There is an open door here.
A troll comes into view.
The troll shouts!
You gain the combat prowess of a mighty hero.
You barely miss the troll. You slash the troll!
The troll is heavily wounded.
The troll bites you! You block the troll's attack. x2
You hit the troll but do no damage.
The troll is moderately wounded.
The troll bites you! The troll claws you but does no damage.
The troll claws you!
You barely miss the troll.
The troll is moderately wounded.
You block the troll's attack. The troll closely misses you.
You block the troll's attack.
You barely miss the troll.
The troll is moderately wounded.
The troll bites you! You block the troll's attack.
The troll closely misses you.
You hit the troll but do no damage.
The troll is moderately wounded.
The troll bites you!
* * * LOW HITPOINT WARNING * * *
The troll barely misses you. The troll closely misses you.
You closely miss the troll.
The troll is moderately wounded.
You block the troll's attack. The troll barely misses you.
The troll claws you but does no damage.
You feel very mighty all of a sudden. The troll bites you!
* * * LOW HITPOINT WARNING * * *
The troll claws you!
* * * LOW HITPOINT WARNING * * *
You block the troll's attack.
You slice the troll!!
The troll is almost dead.
You feel like a meek peon again. You block the troll's attack.
The troll barely misses you. The troll claws you.
You die...

#......#...#* ### * ####
#......'...# ,
#......#...# ,
######......#...#, ,
##...........##'## ,
#..##..######....# , ,
#.##~.......#....# , ,
#.##~.#.....#....# *
..#~~~#.....#...@# * , *
.##~~##.....#....T....#
.#~~###.....#....#......
, .#~~#
#.....#....##.....
##~#####....#....#*.....
, ##~##..#'#########
#... * #~~#............
* ### #~~#............ ,
#~~####......... , *


You could see a troll.

Vanquished Creatures
  A black bear (D:5)
  2 centaurs (D:5)
  A phantom (D:6)
  A scorpion (D:6)
  A hound (D:5)
  An orc priest (D:3)
  2 jellies
  Terence (D:2)
  2 iguanas (D:4)
  6 adders
  4 dart slugs
  2 orcs (D:3)
  7 bats
  5 endoplasms
  2 goblins
  5 hobgoblins
  3 kobolds
  A quokka (D:2)
  5 ball pythons
  4 frilled lizards
  4 rats
60 creatures vanquished.

Notes
Turn   | Place    | Note
-------+----------+-------------------------------------------
     0 | D:1      | Prqq the Meteoran Fighter began the quest for the Orb.
     0 | D:1      | Reached XP level 1. HP: 19/19 MP: 2/2
    97 | D:2      | Reached XP level 2. HP: 26/26 MP: 3/3
   108 | D:3      | Found an iron altar of Okawaru.
   112 | D:3      | Became a worshipper of Warmaster Okawaru
   145 | D:2      | Reached XP level 3. HP: 6/31 MP: 4/4
   211 | D:2      | Reached skill level 3 in Axes
   285 | D:1      | Found a faded altar of an unknown god.
   626 | D:2      | Reached XP level 4. HP: 40/40 MP: 5/5
   636 | D:2      | Noticed Terence
   649 | D:2      | Killed Terence
   677 | D:2      | Reached skill level 4 in Axes
   694 | D:2      | You fall into a shaft and drop 2 floors!
   719 | D:4      | Reached XP level 5. HP: 42/46 MP: 6/6
   772 | D:3      | Reached * piety under Okawaru
   814 | D:3      | Found a hide-covered altar of Uskayaw.
   936 | D:3      | Reached skill level 5 in Axes
   948 | D:3      | Found Qodo's Antique Armour Boutique.
  1094 | D:4      | Reached XP level 6. HP: 48/52 MP: 7/7
  1149 | D:4      | Found a staircase to the Ecumenical Temple.
  1166 | D:4      | Reached skill level 1 in Dodging
  1186 | D:5      | Entered Level 5 of the Dungeon
  1189 | D:5      | Noticed a black bear
  1197 | D:5      | Killed a black bear
  1198 | D:5      | Reached skill level 6 in Axes
  1198 | D:5      | Reached XP level 7. HP: 41/59 MP: 3/8
  1295 | D:5      | Reached skill level 5 in Armour
  1332 | D:5      | Reached ** piety under Okawaru
  1333 | D:5      | Reached skill level 7 in Axes
  1450 | D:6      | Reached XP level 8. HP: 49/67 MP: 6/9
  1543 | D:6      | Noticed a troll
  1554 | D:6      | HP: 1/67 [troll (10)]
  1555 | D:6      | Slain by a troll

Illustrated notes

Levels and vault maps discovered:
D:1:      saegor_arrival_simple_d, layout_basic,
          chequers_ecumenical_altar_simple_redux, palyth_stone_intersect
D:2:      layout_loops_ring, kennysheep_path_1, uniq_terence
D:3:      layout_loops_ring, okawaru_gym_becter, nicolae_uskayaw_dance_hall,
          serial_shops, shop, kennysheep_generic_room_4
D:4:      layout_basic, minmay_temple_entry_stoned_glass
D:5:      layout_layer_cave
D:6:      minmay_opposing_rooms, layout_gridville,
          nicolae_overflow_hidden_temple, serial_shops, shop,
          ebering_ghost_disaster_area, chequers_ossuary_entry_cave,
          chequers_serial_rivers_large_b

Skill      XL: |  1  2  3  4  5  6  7 |
---------------+----------------------+-----
Armour         | 4 5 |  5.3
Shields        | 4 |  4.6
Axes           | 3 4 5 6 7 |  7.7
Fighting       | 4 |  4.6
Dodging        | 1 |  1.5

Action                   |  1- 3 |  4- 6 |  7- 9 || total
-------------------------+-------+-------+-------++-------
Melee: War axe           |    66 |    88 |    62 ||   216
Invok: Heroism           |       |     1 |     1 ||     2
  Use: Scroll            |       |     4 |     1 ||     5
       Potion            |       |       |     1 ||     1
Armor: Scale mail        |    49 |    41 |    32 ||   122
Dodge: Dodged            |    24 |    28 |    38 ||    90
Block: Buckler           |    16 |    29 |    22 ||    67

Table legend: (Time is in decaauts)
 A = Elapsed time spent in this place.
 B = Non-inter-level travel time spent in this place.
 C = Inter-level travel time spent in this place.
 D = Time resting spent in this place.
 E = Time spent auto-exploring this place.
 F = Levels seen in this place.
 G = Mean time per level.
                   A        B        C        D        E       F      G
               +--------+--------+--------+--------+--------+-----+--------+
         Total |   1635 |   1579 |     56 |      0 |     31 |   6 |  272.5 |
       Dungeon |   1635 |   1579 |     56 |      0 |     31 |   6 |  272.5 |
               +--------+--------+--------+--------+--------+-----+--------+

Top non-repeatable levels by time:
     D:1: 406 daAuts
     D:3: 311 daAuts
     D:2: 293 daAuts
     D:4: 225 daAuts
     D:5: 203 daAuts
     D:6: 196 daAuts
